 Dungeon Crawl Stone Soup version 0.21-a0-369-g397cdb2 (webtiles) character file.

44 4thArraOfDagon the Cutter (level 3, 0/24 HPs)
             Began as a Mummy Enchanter on Oct 15, 2017.
             Slain by a gnoll (8 damage)
             ... on level 3 of the Dungeon.
             The game lasted 00:02:32 (903 turns).

4thArraOfDagon the Cutter (Mummy Enchanter)          Turns: 903, Time: 00:02:32

Health: 0/24       AC:  3    Str: 11    XL:     3   Next: 39%
Magic:  5/7        EV: 12    Int: 15    God:
Gold:   25         SH:  0    Dex: 12    Spells: 1/7 levels left

rFire    x . .     SeeInvis .   a - +1 dagger
rCold    + . .     Gourm    .   (no shield)
rNeg     + + +     Faith    .   b - +0 robe
rPois    ∞         Spirit   .   (no helmet)
rElec    .         Reflect  .   (no cloak)
rCorr    .         Harm     .   g - +0 pair of gloves
MR       .....                  (no boots)
Stlth    ++........             (no amulet)
HPRegen  0.08/turn              (no ring)
MPRegen  0.10/turn              (no ring)

@: no status effects
A: no food or potions, fire vulnerability, cold resistance 1, negative energy
resistance 3, torment resistance, unbreathing
a: no special abilities


You were on level 3 of the Dungeon.
You were not hungry.

You visited 1 branch of the dungeon, and saw 3 of its levels.

You collected 25 gold pieces.

Inventory:

Hand Weapons
 a - a +1 dagger (weapon)
Armour
 b - a +0 robe (worn)
 g - a +0 pair of gloves (worn)
Scrolls
 d - a scroll of enchant weapon {unknown}
 e - a scroll of remove curse {unknown}
 f - a scroll of identify {unknown}
Books
 c - a book of Maledictions

   Spells                             Type                      Level
   a - Corona                         Hexes                        1
   b - Ensorcelled Hibernation        Hexes/Ice                    2
   c - Confuse                        Hexes                        3
   d - Tukima's Dance                 Hexes                        3
   e - Dazzling Spray                 Conjuration/Hexes            3


   Skills:
 * Level 2.8 Short Blades
 - Level 1.5 Dodging
 - Level 2.4 Stealth
 - Level 2.6 Spellcasting
 - Level 2.6 Hexes


You had one spell level left.
You knew the following spells:

 Your Spells              Type           Power        Failure   Level  Hunger
a - Corona                Hex            ##.....      7%          1    N/A
b - Ensorcelled Hibernat  Hex/Ice        #.....       19%         2    N/A
c - Confuse               Hex            ##......     21%         3    N/A

Dungeon Overview and Level Annotations

Branches:
Dungeon (3/15)

Altars:


Innate Abilities, Weirdness & Mutations

You do not eat or drink.
Your flesh is vulnerable to fire.
You are immune to poison.
Your flesh is cold resistant. (rC+)
You are immune to negative energy. (rN+++)
You are immune to unholy pain and torment.
You can survive without breathing.


Message History

Confirm with . or Enter, or press ? or * to list all spells.
Aiming: Ensorcelled Hibernation
Press: ? - help, Shift-Dir - straight line, f - gnoll
Aim: a gnoll, wearing a robe (chance to defeat MR: 47%)
The gnoll looks drowsy...
The ball python hisses angrily.
The bat closely misses you. The kobold barely misses you.
The kobold shoots a poisoned needle.
The poisoned needle closely misses you.
Unknown command.
The helpless gnoll fails to defend itself.
You puncture the gnoll!
The gnoll is severely wounded.
The bat completely misses you. The gnoll misses you.
The kobold barely misses you.
The kobold shoots a poisoned needle.
The poisoned needle hits you!
Unknown command.
Unknown command.
Unknown command.
The gnoll hits you!
You die...

#........#
#........#
#........#
#........#
#.....K..#
#.........
#.........
#@g......#
#(bK..S..#
########.#


You could see a gnoll, a bat, a ball python and 2 kobolds.

Vanquished Creatures
  2 adders
  An ooze (D:1)
  A leopard gecko (D:2)
  4 bats
  3 giant cockroaches (D:1)
  A goblin (D:2)
  3 hobgoblins (D:1)
  A kobold (D:2)
  A frilled lizard (D:1)
  4 rats
21 creatures vanquished.

Notes
Turn   | Place    | Note
-------+----------+-------------------------------------------
     0 | D:1      | 4thArraOfDagon the Mummy Enchanter began the quest for the Orb.
     0 | D:1      | Reached XP level 1. HP: 13/13 MP: 4/4
    14 | D:1      | Reached skill level 1 in Short Blades
   221 | D:1      | Reached XP level 2. HP: 17/19 MP: 5/5
   228 | D:1      | Learned a level 2 spell: Ensorcelled Hibernation
   399 | D:2      | Reached XP level 3. HP: 7/24 MP: 0/7
   404 | D:2      | Learned a level 3 spell: Confuse
   903 | D:3      | Slain by a gnoll

Vault maps used:
D:1:      eino_arrival_water_cross
D:2:      makhleb_heckhound_becter, uniq_robin
D:3:      eat_drink_and_be_merry_uskayaw, grunt_ashenzari_visionary,
          uniq_grinder

Skill      XL: |  1  2 |
---------------+-------+-----
Short Blades   | 1 2 |  2.8
Dodging        | |  1.5
Stealth        | |  2.4
Spellcasting   | |  2.6
Hexes          | |  2.6

Action                   || total
-------------------------++-------
Melee: Dagger            ||    68
 Cast: Corona            ||     2
       Ensorcelled Hiber ||    15
 Stab: Sleeping          ||    13
Armor: Robe              ||    23
Dodge: Dodged            ||    72

Table legend:
 A = Spawn XP
 B = Non-spawn XP
 C = Spawn XP percentage of total XP
 D = Spawn monster count
 E = Non-spawn monster count
 F = Spawn count percentage of total count
 G = Total turns spent on level
                    A         B        C        D         E        F      G
               +---------+---------+-------+---------+---------+-------+---------
         Total |       0 |      63 |   0.0 |       0 |      21 |   0.0 |   903
               +---------+---------+-------+---------+---------+-------+---------
           D:1 |       0 |      40 |   0.0 |       0 |      14 |   0.0 |   652
           D:2 |       0 |      23 |   0.0 |       0 |       7 |   0.0 |   241
               +---------+---------+-------+---------+---------+-------+---------
